 Dungeon Crawl Stone Soup version 0.24-a0-464-g6b2be6b (webtiles) character file.

Game seed: 7337436168657360518

14 CanOfBees the Caller (level 2, -3/20 HPs)
             Began as a Merfolk Summoner on July 3, 2019.
             Slain by an adder (4 damage)
             ... on level 2 of the Dungeon.
             The game lasted 00:02:30 (1789 turns).

CanOfBees the Caller (Merfolk Summoner)             Turns: 1789, Time: 00:02:30

Health: -3/20      AC:  2    Str:  8    XL:     2   Next: 41%
Magic:  1/5        EV: 13    Int: 14    God:
Gold:   102        SH:  0    Dex: 14    Spells: 2/5 levels left

rFire    . . .     SeeInvis .   d - +0 spear (curse)
rCold    . . .     Gourm    .   (no shield)
rNeg     . . .     Faith    .   a - +0 robe
rPois    .         Spirit   .   (no helmet)
rElec    .         Reflect  .   (no cloak)
rCorr    .         Harm     .   (no gloves)
MR       .....                  (no boots)
Stlth    ++........             (no amulet)
HPRegen  0.06/turn              (no ring)
MPRegen  0.09/turn              (no ring)

@: lethally poisoned (-3 -> -9)
A: change form in water, swift swim, stealthy swim
a: no special abilities


You were on level 2 of the Dungeon.
You were not hungry.

You visited 1 branch of the dungeon, and saw 2 of its levels.

You collected 102 gold pieces.

Inventory:

Hand Weapons
 d - a cursed +0 spear (weapon)
 j - a +3 spear
Missiles
 b - 34 stones (quivered)
Armour
 a - a +0 robe (worn)
Scrolls
 e - 3 scrolls of teleportation
 h - 2 scrolls of identify
Potions
 f - a potion of agility
Comestibles
 c - 2 rations


   Skills:
 + Level 0.6 Fighting
 + Level 1.0 Polearms
 + Level 2.9 Dodging
 - Level 2.1 Stealth
 + Level 2.1 Spellcasting
 * Level 4.2 Summonings


You had 2 spell levels left.
You knew the following spells:

 Your Spells              Type           Power        Failure   Level  Hunger
a - Summon Small Mammal   Summ           ##..         4%          1    ##.....
b - Call Imp              Summ           ##......     6%          2    ###....

Your spell library contained the following spells:

 Spells                   Type           Power        Failure   Level  Hunger
 Call Canine Familiar     Summ           ##......     12%         3    ####...
 Summon Guardian Golem    Hex/Summ       #.......     30%         3    ####...
 Summon Ice Beast         Ice/Summ       #.......     69%         4    #####..
 Summon Lightning Spire   Summ/Air       #.......     69%         4    #####..


Dungeon Overview and Level Annotations

Branches:
Dungeon (2/15)

Altars:


Message History

The adder is heavily wounded.
You feel sick.
Your crimson imp misses the adder.
The adder bites you.
Your crimson imp misses the adder.
You hit the adder but do no damage.
The adder is heavily wounded.
You feel sick. The adder completely misses you.
Your crimson imp blinks!
The adder bites you.
* * * LOW HITPOINT WARNING * * *
Your crimson imp barely misses the adder.
You barely miss the adder.
The adder is heavily wounded.
The adder bites you.
* * * LOW HITPOINT WARNING * * *
Your crimson imp misses the adder.
Okay, then.
You hit the adder.
The adder is severely wounded.
The adder bites you.
You die...

##### ########
##.... #......#
##.....
##<.....#######
#......
.......@5......
.......
.......S#......
#......
.#...5.<#...!..
#......
#......# .....
#......
..#####.# .....
#...... # #.#
>... ##.....
#.# .[## ##....
... ##.## ...


You could see an adder and 2 friendly crimson imps.

Vanquished Creatures
  A leopard gecko (D:1)
  A giant cockroach (D:1)
  A goblin (D:1)
  A hobgoblin (D:1)
  3 bats (D:1)
  3 frilled lizards (D:1)
  2 rats (D:1)
12 creatures vanquished.

Vanquished Creatures (collateral kills)
  2 hobgoblins (D:1)
  A kobold (D:1)
  A rat (D:1)
4 creatures vanquished.

Grand Total: 16 creatures vanquished

Notes
Turn   | Place    | Note
-------+----------+-------------------------------------------
     0 | D:1      | CanOfBees the Merfolk Summoner began the quest for the Orb.
     0 | D:1      | Reached XP level 1. HP: 13/13 MP: 3/3
   745 | D:1      | Reached XP level 2. HP: 7/20 MP: 1/5
   792 | D:1      | Learned a level 2 spell: Call Imp
  1323 | D:1      | Reached skill level 1 in Polearms
  1788 | D:2      | HP: 1/20 [adder (2)]
  1789 | D:2      | Slain by an adder

Levels and vault maps discovered:
D:1:      onia_arrival_mini_spirals, layout_loops_ring
D:2:      layout_rooms, nicolae_gozag_cash_rules_everything_around_me,
          lemuel_crystal_altar

Skill      XL: |  1  2 |
---------------+-------+-----
Polearms       | 1 |  1.0
Fighting       | |  0.6
Dodging        | |  2.9
Stealth        | |  2.1
Spellcasting   | |  2.1
Summonings     | |  4.2

Action                   || total
-------------------------++-------
Melee: Spear             ||    56
       Unarmed           ||     6
 Cast: Summon Small Mamm ||     9
       Call Imp          ||     3
  Use: Scroll            ||     5
 Stab: Sleeping          ||     5
       Distracted        ||     3
  Eat: Chunk             ||     3
Armor: Robe              ||    15
Dodge: Dodged            ||    55

Table legend:
 A = Non-vault XP
 B = Vault XP
 C = Vault XP percentage of total XP
 D = Non-vault monster count
 E = Vault monster count
 F = Vault count percentage of total count
                 A         B        C        D         E       F
            +---------+---------+-------+---------+---------+-------
      Total |      20 |       0 |   0.0 |      16 |       0 |   0.0
            +---------+---------+-------+---------+---------+-------
        D:1 |      20 |       0 |   0.0 |      16 |       0 |   0.0
            +---------+---------+-------+---------+---------+-------
